 Dungeon Crawl Stone Soup version 0.28.0-53-g5a82cb258f (webtiles) character file.

Game seed: 3548244153958422011

160 Naeght the Spear-Bearer (level 5, -4/38 HPs)
             Began as a Merfolk Gladiator on July 18, 2022.
             Slain by a wyvern skeleton (10 damage)
             ... on level 5 of the Dungeon.
             The game lasted 00:05:13 (3144 turns).

Naeght the Spear-Bearer (Merfolk Gladiator)         Turns: 3144, Time: 00:05:14

Health: -4/38      AC:  5    Str: 15    XL:     5   Next: 41%
Magic:  5/5        EV: 13    Int:  9    God:
Gold:   69         SH:  0    Dex: 15    Spells: 4/4 levels left

rFire   . . .      SeeInvis .   a - +0 trident
rCold   . . .      Faith    .   (no shield)
rNeg    . . .      Spirit   .   b - +0 leather armour
rPois   .          Reflect  .   c - +0 helmet
rElec   .          Harm     .   (no cloak)
rCorr   .          Rampage  .   h - +0 pair of gloves
Will    .....                   (no boots)
Stlth   +.........              (no amulet)
HPRegen 0.12/turn               (no ring)
MPRegen 0.09/turn               (no ring)

@: no status effects
A: (nimble swimmer 2), mertail
a: no special abilities


You were on level 5 of the Dungeon.
You visited 1 branch of the dungeon, and saw 4 of its levels.

You collected 69 gold pieces.

Inventory:

Hand Weapons
 a - a +0 trident (weapon)
Missiles
 d - 3 throwing nets (quivered)
Armour
 b - a +0 leather armour (worn)
 c - a +0 helmet (worn)
 h - a +0 pair of gloves (worn)
Jewellery
 g - a +6 ring of intelligence
Scrolls
 e - a scroll of identify
 f - a scroll of magic mapping {unknown}
 i - 3 scrolls of teleportation {unknown}
 j - a scroll of blinking {unknown}
 k - a scroll of immolation {unknown}
Potions
 l - a potion of attraction {unknown}
 m - a potion of cancellation {unknown}
 n - a potion of haste


   Skills:
 - Level 2.1 Fighting
 * Level 8.6 Polearms
 - Level 2.0 Throwing
 - Level 4.0 Dodging


You had 4 spell levels left.
You didn't know any spells.
Your spell library contained the following spells:

 Spells                   Type           Power      Damage    Failure   Level
 Ensorcelled Hibernation  Hex/Ice        0%         N/A       58%         2
 Spider Form              Tmut/Pois      0%         N/A       83%         3
 Anguish                  Hex/Necr       0%         N/A       99%         4


Dungeon Overview and Level Annotations

Branches:
Dungeon (3/15)

Altars:
Yredelemnul


Innate Abilities, Weirdness & Mutations

((You are very nimble when in or above water. (Stealth+, EV+, Speed+++)))
Your lower body shifts to a powerful aquatic tail in water.


Message History

You are too injured to fight recklessly!
You are too injured to fight recklessly!
You are too injured to fight recklessly!
You are too injured to fight recklessly!
You are too injured to fight recklessly!
You are too injured to fight recklessly!
You are too injured to fight recklessly!
You are too injured to fight recklessly!
You are too injured to fight recklessly!
You are too injured to fight recklessly!
You are too injured to fight recklessly!
You are too injured to fight recklessly!
You are too injured to fight recklessly!
You are too injured to fight recklessly!
You are too injured to fight recklessly!
You are too injured to fight recklessly!
You are too injured to fight recklessly!
You are too injured to fight recklessly!
You are too injured to fight recklessly!
You are too injured to fight recklessly!
You are too injured to fight recklessly!
You are too injured to fight recklessly!
You completely miss the wyvern skeleton.
The wyvern skeleton is moderately damaged.
The wyvern skeleton bites you. x2
* * * LOW HITPOINT WARNING * * *
You barely miss the wyvern skeleton.
The wyvern skeleton is moderately damaged.
The wyvern skeleton closely misses you.
You hit the wyvern skeleton.
The wyvern skeleton is moderately damaged.
The wyvern skeleton bites you.
* * * LOW HITPOINT WARNING * * *
You hit the wyvern skeleton.
The wyvern skeleton is heavily damaged.
The wyvern skeleton closely misses you.
You hit the wyvern skeleton.
The wyvern skeleton is heavily damaged.
The wyvern skeleton bites you!
You die...

#....# ###....#
......# .
.#####....# ..
..........# ..#
######....#####..##
#....#........
##.........#
#......@####
....##...Z#
............
..............
............#...
..............
...######.#### ..
.#


You could see a wyvern skeleton.

Vanquished Creatures
  An ogre (D:2)
  3 worms (D:2)
  3 dart slugs (D:2)
  5 endoplasms
  7 giant cockroaches
  3 goblins (D:1)
  4 hobgoblins
  4 jackals
  4 quokkas
  4 ball pythons
  4 bats (D:2)
  3 frilled lizards
  6 kobolds
  7 rats
58 creatures vanquished.

Notes
Turn   | Place    | Note
-------+----------+-------------------------------------------
     0 | D:1      | Naeght the Merfolk Gladiator began the quest for the Orb.
     0 | D:1      | Reached XP level 1. HP: 16/16 MP: 1/1
   173 | D:1      | Reached skill level 5 in Polearms
   222 | D:1      | Reached XP level 2. HP: 22/22 MP: 2/2
   851 | D:1      | Reached skill level 6 in Polearms
   851 | D:1      | Reached XP level 3. HP: 27/27 MP: 3/3
  1564 | D:2      | Found a basalt altar of Yredelemnul.
  1877 | D:2      | Reached XP level 4. HP: 33/33 MP: 4/4
  1916 | D:2      | Reached skill level 7 in Polearms
  2308 | D:2      | Noticed an ogre
  2320 | D:2      | Killed an ogre
  2321 | D:2      | Reached skill level 8 in Polearms
  2321 | D:2      | Reached XP level 5. HP: 25/38 MP: 5/5
  3006 | D:3      | Found a faded altar of an unknown god.
  3131 | D:3      | You fall into a shaft and drop 2 floors!
  3131 | D:5      | Entered Level 5 of the Dungeon
  3144 | D:5      | Slain by a wyvern skeleton

Illustrated notes

Levels and vault maps discovered:
D:1:      dpeg_arrival_tiny_j, layout_basic, dk_noncrumbling_3
D:2:      minmay_general_purpose_star, layout_basic, basic_altar,
          minmay_strange_pillars
D:3:      layout_basic, hellmonk_ecumenical_altar_crossroads
D:5:      layout_rooms, temple_doors_e

Skill      XL: |  1  2  3  4 |
---------------+-------------+-----
Polearms       | 5 6 8 |  8.6
Fighting       | |  2.1
Throwing       | |  2.0
Dodging        | |  4.0

Action                   |  1- 3 |  4- 6 || total
-------------------------+-------+-------++-------
Melee: Trident           |   127 |    62 ||   189
       Punch             |     1 |     1 ||     2
  Use: Scroll            |       |     2 ||     2
       Potion            |       |     1 ||     1
 Stab: Sleeping          |     5 |       ||     5
       Distracted        |       |     1 ||     1
Armor: Leather armour    |    15 |     9 ||    24
       Skin              |       |     1 ||     1
Dodge: Dodged            |    49 |    32 ||    81
